 Dungeon Crawl Stone Soup version 0.18.1-50-g88ac8fd (webtiles) character file.

46 varam the Sneak (level 3, 7/16 HPs)
             Began as a Spriggan Enchanter on Oct 22, 2016.
             Was an Initiate of Okawaru.
             Quit the game on level 2 of the Dungeon.
             The game lasted 00:06:10 (2775 turns).

varam the Sneak (Spriggan Enchanter)                Turns: 2775, Time: 00:06:10

Health: 7/16       AC:  3    Str:  5    XL:     3   Next: 46%
Magic:  2/8        EV: 18    Int: 16    God:    Okawaru [......]
Gold:   68         SH:  0    Dex: 16    Spells: 3 memorised, 1 level left

rFire  . . .     SeeInvis +     a - +1 dagger
rCold  . . .     Gourm    .     b - +1 robe
rNeg   . . .     Faith    .     (shield restricted)
rPois  .         Spirit   .     (helmet restricted)
rElec  .         Dismiss  .     (no cloak)
rCorr  .         Reflect  .     (gloves unavailable)
SustAt .         Harm     .     (boots unavailable)
MR     .....                    (no amulet)
Stlth  ++++......               (no ring)
                                (no ring)

@: very quick, not resistant to hostile enchantments, stealthy
A: unfitting armour, see invisible, herbivore 3, speed 3, slow metabolism 2
a: Renounce Religion


You were on level 2 of the Dungeon.
You worshipped Okawaru.
Okawaru was noncommittal.
You were full.

You visited 1 branch of the dungeon, and saw 3 of its levels.

You collected 68 gold pieces.

Inventory:

Hand Weapons
 a - a +1 dagger (weapon)
Missiles
 l - 8 needles of confusion
Armour
 b - a +1 robe (worn)
Jewellery
 h - a cursed amulet of inaccuracy {unknown}
 k - a +5 ring of evasion {unknown}
Scrolls
 i - a scroll of noise {unknown}
 j - a scroll of enchant weapon {unknown}
 m - a scroll of magic mapping {unknown}
Potions
 e - a potion of degeneration {unknown}
 f - 2 potions of berserk rage {unknown}
 g - a potion of haste {unknown}
Books
 c - a book of Maledictions

   Spells                             Type                      Level
   a - Corona                         Hexes                        1
   b - Ensorcelled Hibernation        Hexes/Ice                    2
   c - Confuse                        Hexes                        3
   d - Tukima's Dance                 Hexes                        3
   e - Dazzling Spray                 Conjuration/Hexes            3
Comestibles
 d - a bread ration


   Skills:
 + Level 1.2 Short Blades
 - Level 3.0 Dodging
 - Level 6.9 Stealth
 - Level 2.6 Spellcasting
 - Level 3.6 Hexes


You had one spell level left.
You knew the following spells:

 Your Spells              Type           Power        Failure   Level  Hunger
a - Ensorcelled Hibernat  Hex/Ice        #.....       17%         2    ##.....
b - Corona                Hex            ##.....      6%          1    #......
c - Confuse               Hex            ##......     14%         3    ###....


Dungeon Overview and Level Annotations

Branches:
Dungeon (3/15)

Altars:
Okawaru


Innate Abilities, Weirdness & Mutations

You are tiny and cannot use many weapons and most armour.
You have supernaturally acute eyesight.
You are a herbivore.
You cover ground extremely quickly.
You need consume almost no food.


Message History

You hit the worm.
The worm is lightly wounded.
The worm barely misses you.
You hit the worm but do no damage.
The worm is lightly wounded.
You hit the worm.
The worm is lightly wounded.
The worm bites you!
Ouch! That really hurt!
You hit the worm.
The worm is moderately wounded.
You hit the worm but do no damage.
The worm is moderately wounded.
The worm barely misses you.
You hit the worm.
The worm is moderately wounded.
You hit the worm.
The worm is heavily wounded.
The worm misses you.
Are you sure you want to abandon this character and quit the game? (Confirm with "yes".)

########.#.##.#####.#
#.# #....
.%.....#.#.##.# #.# #.#
#>... .......#.#.##†###
#.#####.###....
.......#........#
#.......##.....
.>.w...#........#
#....#####.....
.......#........# #<...#
#..... .......#........#
#....# #.....
.............w..###....#
#....<
.......######...@...%..#
#.####
#####.#######.#####....#
#.# #...........# #....#
#.# ############# #.####
#.# #.# #.# #.########.#
#..........#
############


You could see a worm.

Vanquished Creatures
  An adder (D:2)
  A dart slug (D:2)
  A ball python (D:1)
  A giant cockroach (D:2)
  4 goblins
  6 hobgoblins
  2 jackals (D:2)
  A quokka (D:2)
  3 bats (D:2)
  4 giant newts (D:2)
  7 kobolds
  3 rats (D:1)
34 creatures vanquished.

Notes
Turn   | Place    | Note
--------------------------------------------------------------
     0 | D:1      | varam the Spriggan Enchanter began the quest for the Orb.
     0 | D:1      | Reached XP level 1. HP: 9/9 MP: 5/5
   368 | D:1      | Reached skill level 5 in Stealth
   676 | D:1      | Reached XP level 2. HP: 13/13 MP: 6/6
   826 | D:2      | Reached skill level 6 in Stealth
  1192 | D:2      | Learned a level 2 spell: Ensorcelled Hibernation
  1431 | D:2      | Reached XP level 3. HP: 16/16 MP: 8/8
  2181 | D:3      | Found an iron altar of Okawaru.
  2190 | D:3      | Became a worshipper of Warmaster Okawaru
  2522 | D:1      | Learned a level 3 spell: Confuse
  2775 | D:2      | Quit the game

Skill      XL: |  1  2 |
---------------+-------+-----
Stealth        | 5 6 |  6.9
Short Blades   | |  1.2
Dodging        | |  3.0
Spellcasting   | |  2.6
Hexes          | |  3.6

Action                   || total
-------------------------++-------
Melee: Dagger            ||   125
 Cast: Corona            ||     4
       Ensorcelled Hiber ||    17
       Confuse           ||     1
 Stab: Sleeping          ||    22
  Eat: Bread ration      ||     1
Armor: Robe              ||    12
Dodge: Dodged            ||    90
